 Dungeon Crawl Stone Soup version 0.31-a0-1068-g5939ac1 (webtiles) character file.

Game seed: 9051973434028814309

17312 lunatic the Slicer (level 12, -5/68 HPs)
             Began as a Kobold Enchanter on Nov 22, 2023.
             Was an Initiate of Uskayaw.
             Slain by a spriggan simulacrum (17 damage)
             ... in an ice cave on Nov 23, 2023.
             The game lasted 00:38:25 (11668 turns).

lunatic the Slicer (Kobold Enchanter)              Turns: 11668, Time: 00:38:25

Health: -5/68      AC: 13    Str:  5    XL:     12   Next: 81%
Magic:  21/21      EV: 14    Int: 21    God:    Uskayaw [......]
Gold:   345        SH:  8    Dex: 22    Spells: 9/23 levels left

rFire   . . .        b - +1 short sword (drain)
rCold   . . .        c - +2 buckler
rNeg    + . .        C - +2 leather armour {rN+}
rPois   .            (no helmet)
rElec   .            v - +2 cloak {Will+}
rCorr   .            z - +0 pair of gloves
SInv    .            (no boots)
Will    +....        D - amulet of magic regeneration
Stlth   +++++        g - +4 ring of protection
HPRegen 0.31/turn    F - +6 ring of dexterity
MPRegen 0.57/turn

%: no passive effects
@: brilliant, attractive, constricted, studying Ice Magic
A: small, no large weapons, nightstalker 3
a: Renounce Religion


You were in an ice cave.
You worshipped Uskayaw.
Uskayaw was noncommittal.
You visited 3 branches of the dungeon, and saw 13 of its levels.
You also visited: Ice Cave.

You collected 567 gold pieces.
You spent 222 gold pieces at shops.

Inventory:

Hand Weapons
 a - a +1 dagger
 b - a +1 short sword of draining (weapon)
 J - a +1 short sword of speed
Missiles
 t - 2 throwing nets (quivered)
 B - 9 curare-tipped darts
Armour
 c - a +2 buckler (worn)
 u - a +0 helmet
 v - a +2 cloak of willpower (worn)
 z - a +0 pair of gloves (worn)
 C - a +2 leather armour of positive energy (worn)
Jewellery
 g - a +4 ring of protection (left hand)
 A - a ring of see invisible
 D - an amulet of magic regeneration (around neck)
 E - a ring of resist corrosion
 F - a +6 ring of dexterity (right hand)
 G - a ring of poison resistance
 L - a ring of wizardry
Wands
 H - a wand of iceblast (5)
 K - a wand of charming (4)
Scrolls
 h - 2 scrolls of vulnerability
 j - 3 scrolls of fog
 o - 3 scrolls of amnesia
 p - 5 scrolls of poison
 s - 2 scrolls of enchant weapon
 w - a scroll of teleportation
 y - a scroll of noise
 M - a scroll of torment {unknown}
Potions
 d - a potion of berserk rage {unknown}
 e - 3 potions of brilliance
 f - 4 potions of curing
 k - 2 potions of enlightenment {unknown}
 l - a potion of cancellation {unknown}
 m - 3 potions of heal wounds {unknown}
 n - 2 potions of haste {unknown}
 q - 2 potions of attraction
 r - 2 potions of might {unknown}
 x - a potion of lignification {unknown}
 I - 2 potions of degeneration {unknown}
 N - a potion of magic {unknown}
Miscellaneous
 i - a box of beasts


   Skills:
 + Level 5.5 Fighting
 + Level 12.0 Short Blades
 + Level 6.8 Dodging
 + Level 8.5 Stealth
 - Level 5.0 Shields
 - Level 6.0 Spellcasting
 - Level 5.2 Conjurations
 + Level 8.4 Hexes
 + Level 8.5 Ice Magic
 + Level 6.9 Invocations
 + Level 1.9 Evocations


You had 9 spell levels left.
You knew the following spells:

 Your Spells              Type           Power      Damage    Failure   Level
a - Ensorcelled Hibernat  Hex/Ice        100%       N/A       1%          2
b - Tukima's Dance        Hex            58%        N/A       2%          3
c - Dazzling Flash        Conj/Hex       100%       N/A       4%          3
d - Frozen Ramparts       Ice            100%       1d16      2%          3
e - Hailstorm             Conj/Ice       52%        3d12      4%          3

Your spell library contained the following spells:

 Spells                   Type           Power      Damage    Failure   Level
 Confusing Touch          Hex            58%        N/A       2%          3
 Wereblood                Tmut           9%         N/A       38%         2
 Mephitic Cloud           Conj/Pois/Air  20%        N/A       38%         3
 Ignite Poison            Fire/Tmut/Pois 9%         N/A       63%         3
 Irradiate                Conj/Tmut      12%        3d15      95%         5


Dungeon Overview and Level Annotations

Branches:
Dungeon (11/15)            Temple (1/1) D:5            Lair (1/5) D:8
  IceCv (1/1)
    Orc: D:9-12

Altars:
Ashenzari
Cheibriados
Dithmenos
Elyvilon
Fedhas
Gozag
Hepliaklqana
Kikubaaqudgha
Makhleb
Nemelex Xobeh
Okawaru
Qazlal
Ru
Sif Muna
Trog
Uskayaw
Vehumet
Wu Jian
Xom
Yredelemnul
Zin
The Shining One

Shops:
D:11 *

Annotations:
D:7 mcursa's ghost, novice DEHu
D:9 exclusion: oklob sapling


Innate Abilities, Weirdness & Mutations

You are small and have problems with some larger weapons.
You are completely attuned to the shadows.


Message History

The spriggan simulacrum completely misses you.
You hit the white imp.
The white imp is almost dead.
You block the white imp's attack. The naga simulacrum closely misses you.
You block the naga simulacrum's attack.
You barely miss the white imp.
The white imp is almost dead.
The spriggan simulacrum closely misses you.
You hit the white imp.
You kill the white imp!
You block the naga simulacrum's attack.
The naga simulacrum completely misses you.
You hit the naga simulacrum but do no damage.
The spriggan simulacrum hits you. The spriggan simulacrum freezes you!!
* * * LOW HITPOINT WARNING * * *
Okay, then.
Unknown command.
Okay, then.
You feel better.
The spriggan simulacrum closely misses you.
The naga simulacrum misses you. The naga simulacrum grabs you.
The naga simulacrum constricts you.
* * * LOW HITPOINT WARNING * * *
You block the spriggan simulacrum's attack.
You barely miss the naga simulacrum.
The spriggan simulacrum closely misses you.
Casting: Ensorcelled Hibernation (safe; 1% risk of failure)
Confirm with . or Enter, or press ? or * to list all spells.
Okay, then.
It was a potion of brilliance.
You feel clever all of a sudden. You block the naga simulacrum's attack.
The naga simulacrum constricts you.
* * * LOW HITPOINT WARNING * * *
The spriggan simulacrum hits you but does no damage.
It was a potion of attraction.
You feel attractive to monsters. The spriggan simulacrum hits you.
* * * LOW HITPOINT WARNING * * *
The spriggan simulacrum freezes you!
You die...

###
#..##### #
#.∩....#.##
#..∩.@Z..#
###..ZZ...
####.### ##


You could see 2 spriggan simulacra and a naga simulacrum.

Vanquished Creatures
  5 two-headed ogres
  A boulder beetle (D:11)
  A centaur warrior (D:10)
  A deep elf pyromancer (D:10)
  An orc knight (D:10)
  An ugly thing (D:10)
  A gargoyle (D:10)
  A rime drake (D:8)
  A troll (D:10)
  4 hornets
  5 blink frogs (Lair:1)
  A wraith (D:10)
  A centaur simulacrum (D:10)
  A shadow (D:10)
  A basilisk (Lair:1)
  19 yaks
  A death yak simulacrum (Lair:1)
  6 vampire mosquitoes
  An acid dragon (D:8)
  3 water moccasins
  8 ice beasts
  A black bear (D:4)
  2 orc warriors
  3 wolves (D:8)
  An ogre (D:5)
  4 centaurs
  3 phantoms
  A kobold brigand (D:9)
  2 gnoll sergeants
  2 scorpions
  2 bullfrogs (D:8)
  7 wights
  12 killer bees
  5 howler monkeys
  6 hounds
  A jelly (D:6)
  3 sleepcaps
  Crazy Yiuf (D:7)
  3 orc priests
  5 orc wizards
  6 iguanas
  A polar bear simulacrum (Lair:1)
  A wolf simulacrum (Lair:1)
  Robin (D:2)
  6 gnolls
  11 adders
  A shadow imp (D:4)
  5 white imps
  2 ufetubi (D:6)
  4 worms (D:3)
  2 dart slugs
  24 orcs
  4 bats
  9 endoplasms
  3 giant cockroaches
  10 hobgoblins
  6 jackals
  7 quokkas
  9 ball pythons
  4 frilled lizards
  20 goblins
  12 kobolds
  6 rats
282 creatures vanquished.

Vanquished Creatures (collateral kills)
  An ogre (D:7)
  7 wights
  An orc (D:9)
9 creatures vanquished.

Vanquished Creatures (others)
  5 dancing weapons
5 creatures vanquished.

Grand Total: 296 creatures vanquished

Notes
Turn   | Place    | Note
-------+----------+-------------------------------------------
     0 | D:1      | lunatic the Kobold Enchanter began the quest for the Orb.
     0 | D:1      | Reached XP level 1. HP: 10/10 MP: 3/3
   144 | D:1      | Reached XP level 2. HP: 15/15 MP: 5/5
   147 | D:1      | Learned a level 2 spell: Ensorcelled Hibernation
   156 | D:1      | Reached skill level 2 in Short Blades
   445 | D:1      | Reached XP level 3. HP: 16/19 MP: 6/6
   914 | D:2      | Reached skill level 1 in Ice Magic
   931 | D:2      | Noticed Robin
   960 | D:2      | Killed Robin
   961 | D:2      | Reached XP level 4. HP: 21/24 MP: 0/8
  1297 | D:2      | Learned a level 3 spell: Tukima's Dance
  1833 | D:3      | Reached skill level 3 in Short Blades
  1930 | D:3      | Reached XP level 5. HP: 9/28 MP: 9/9
  2128 | D:3      | Learned a level 3 spell: Dazzling Flash
  3217 | D:4      | Reached skill level 1 in Conjurations
  3365 | D:4      | Reached XP level 6. HP: 32/32 MP: 10/10
  3658 | D:4      | Reached skill level 4 in Short Blades
  4114 | D:4      | Got the Grimoire of Snowy Infection
  4365 | D:4      | Noticed a black bear
  4377 | D:4      | Killed a black bear
  4378 | D:4      | Reached skill level 5 in Short Blades
  4378 | D:4      | Reached XP level 7. HP: 21/36 MP: 1/11
  4526 | D:5      | Entered Level 5 of the Dungeon
  4839 | D:5      | Reached skill level 5 in Hexes
  4923 | D:5      | Found a staircase to the Ecumenical Temple.
  4932 | Temple   | Entered the Ecumenical Temple
  4954 | Temple   | Became a worshipper of Uskayaw the Reveller
  5032 | D:5      | Reached * piety under Uskayaw
  5037 | D:5      | Reached ** piety under Uskayaw
  5064 | D:5      | Reached *** piety under Uskayaw
  5156 | D:5      | Reached skill level 1 in Invocations
  5228 | D:5      | Learned a level 3 spell: Frozen Ramparts
  5304 | D:5      | Reached skill level 6 in Short Blades
  5304 | D:5      | Reached XP level 8. HP: 41/41 MP: 6/12
  5638 | D:5      | Reached skill level 1 in Shields
  6072 | D:6      | Reached skill level 7 in Short Blades
  6457 | D:6      | Reached XP level 9. HP: 45/45 MP: 13/13
  6767 | D:7      | Noticed a hornet
  6771 | D:7      | Killed a hornet
  6772 | D:7      | Reached skill level 9 in Short Blades
  6845 | D:7      | Found a runed translucent door.
  6848 | D:7      | Noticed Crazy Yiuf
  6853 | D:7      | Killed Crazy Yiuf
  7010 | D:7      | Found a runed translucent gate.
  7010 | D:7      | Found a runed translucent gate.
  7014 | D:7      | Found an opulent altar of Gozag.
  7027 | D:7      | Reached skill level 10 in Short Blades
  7030 | D:7      | Reached **** piety under Uskayaw
  7053 | D:7      | Found a runed translucent gate.
  7054 | D:7      | Noticed a hornet
  7087 | D:7      | Killed a hornet
  7089 | D:7      | Noticed a two-headed ogre
  7089 | D:7      | Noticed mcursa's ghost (novice DEHu)
  7681 | D:7      | Reached skill level 1 in Fighting
  7935 | D:8      | Found a staircase to the Lair.
  7938 | D:8      | Reached XP level 10. HP: 52/52 MP: 15/15
  7948 | D:8      | Reached skill level 5 in Stealth
  7948 | D:8      | Reached skill level 5 in Ice Magic
  7959 | D:8      | Noticed a rime drake
  7961 | D:8      | Reached ***** piety under Uskayaw
  7967 | D:8      | Reached ****** piety under Uskayaw
  7968 | D:8      | Killed a rime drake
  8142 | D:8      | Reached skill level 5 in Invocations
  8296 | D:8      | Noticed a two-headed ogre
  8303 | D:8      | Killed a two-headed ogre
  8307 | D:8      | Reached XP level 11. HP: 25/60 MP: 6/17
  8428 | D:8      | Identified the orb of Huigaem {light, rPois Int+5 Dex-3}
  8463 | D:8      | Found a shadowy altar of Dithmenos.
  8757 | D:9      | Reached skill level 11 in Short Blades
  8925 | D:9      | Reached skill level 5 in Dodging
  9392 | D:9      | Learned a level 3 spell: Hailstorm
  9469 | D:9      | Noticed a two-headed ogre
  9474 | D:9      | Killed a two-headed ogre
  9532 | D:9      | Reached skill level 5 in Spellcasting
 10001 | D:10     | Entered Level 10 of the Dungeon
 10042 | D:10     | Identified the +3 shortbow "Bibun" {antimagic, +Blink rF+
                  | Str-4 Int+5}
 10571 | D:10     | Noticed a two-headed ogre
 10577 | D:10     | Killed a two-headed ogre
 10578 | D:10     | Reached XP level 12. HP: 67/67 MP: 10/20
 10611 | D:10     | Noticed a centaur warrior
 10622 | D:10     | Killed a centaur warrior
 10623 | D:10     | Reached skill level 5 in Conjurations
 10627 | D:10     | HP: 3/68 [something (18)]
 10924 | D:10     | Reached skill level 5 in Fighting
 10975 | D:10     | Noticed a two-headed ogre
 10979 | D:10     | Killed a two-headed ogre
 11072 | D:10     | Noticed a two-headed ogre
 11079 | D:10     | Killed a two-headed ogre
 11092 | D:10     | Noticed a fire giant
 11203 | D:11     | Found Atittac's Assorted Antiques.
 11322 | D:11     | Reached skill level 1 in Evocations
 11328 | D:11     | Bought a white potion for 27 gold pieces
 11328 | D:11     | Bought a helmet for 135 gold pieces
 11328 | D:11     | Bought a scroll of identify for 60 gold pieces
 11385 | D:11     | Noticed a boulder beetle
 11391 | D:11     | Killed a boulder beetle
 11549 | Lair:1   | Entered Level 1 of the Lair of Beasts
 11582 | Lair:1   | Reached skill level 12 in Short Blades
 11625 | Lair:1   | Found a frozen archway.
 11645 | Lair:1   | Reached skill level 5 in Shields
 11655 | IceCv    | Entered an ice cave
 11668 | IceCv    | Slain by a spriggan simulacrum

Illustrated notes

Levels and vault maps discovered:
D:1:      onia_arrival_pyramid, layout_basic, dk_noncrumbling_4
D:2:      layout_basic, uniq_robin
D:3:      minmay_door_path, layout_basic
D:4:      layout_loops_corners, serial_library_hellmonk_metal_room
D:5:      layout_basic, minmay_temple_entry_grid, kennysheep_generic_room_14
D:6:      layout_loops_ring
D:7:      layout_basic, ebering_ghost_gozag, uniq_crazy_yiuf_cottage
D:8:      layout_rooms, grunt_dithmenos_shadows, hellmonk_lair_entry_icy
D:9:      layout_basic, introduction_to_nature_2
D:10:     nzn_winding_woodlands_large [nzn_winding_woodlands_hourglass,
          nzn_winding_woodlands_5x15_parted, nzn_winding_woodlands_5x5_cross,
          nzn_winding_woodlands_center_lodge,
          nzn_winding_woodlands_15x15_five_gardens,
          nzn_winding_woodlands_center_diamonds,
          nzn_winding_woodlands_5x5_open_star, nzn_winding_woodlands_5x15_twine,
          nzn_winding_woodlands_5x5_perimeter], layout_basic
D:11:     layout_basic, erik_orc_2, serial_shops, nicolae_square_shop,
          uniq_maurice
Temple:   regret_index_temple_sigil_plot
Lair:1:   dragon1_lemuel, layout_regular_city,
          portal_ice_cave_entry_ice_simulacra, lightli_volcano_entry_magma_tube,
          serial_bayou_shore_a, grunt_megastairs_3
IceCv:    ice_cave_caverns_02

Skill      XL: |  1  2  3  4  5  6  7  8  9 10 11 12 |
---------------+-------------------------------------+-----
Short Blades   | 2 3 5 6 7 10 11 12 | 12.0
Ice Magic      | 1 2 3 4 6 7 8 |  8.5
Spellcasting   | 3 4 5 6 |  6.0
Hexes          | 4 5 6 7 8 |  8.4
Conjurations   | 1 2 3 4 5 |  5.2
Invocations    | 1 3 4 5 6 |  6.9
Shields        | 2 3 4 5 |  5.0
Fighting       | 1 3 4 5 |  5.5
Dodging        | 3 4 6 |  6.8
Stealth        | 6 7 8 |  8.5
Evocations     | 1 |  1.9

Action                     |  1- 3 |  4- 6 |  7- 9 | 10-12 || total
---------------------------+-------+-------+-------+-------++-------
  Melee: Dagger            |    89 |   247 |   243 |   107 ||   686
         Punch             |     1 |     4 |       |       ||     5
         Short sword       |       |       |       |   170 ||   170
  Throw: Throwing net      |       |       |       |     1 ||     1
   Cast: Ensorcelled Hiber |     7 |    40 |    33 |    82 ||   162
         Tukima's Dance    |       |       |    17 |    17 ||    34
         Dazzling Flash    |       |       |     4 |     4 ||     8
         Frozen Ramparts   |       |       |       |     7 ||     7
         Hailstorm         |       |       |       |     3 ||     3
 Invoke: Stomp             |       |       |       |     2 ||     2
         Line Pass         |       |       |       |     1 ||     1
    Use: Potion            |       |       |     3 |     4 ||     7
         Scroll            |       |       |     1 |     9 ||    10
   Stab: Sleeping          |    19 |    44 |    41 |    64 ||   168
         Invisible         |       |       |     4 |     3 ||     7
         Paralysed         |       |       |     1 |    19 ||    20
         Distracted        |       |       |     1 |     2 ||     3
         Held in net/web   |       |       |       |     1 ||     1
 Armour: Robe              |    34 |    43 |       |       ||    77
         Leather armour    |       |    38 |    81 |   109 ||   228
  Dodge: Dodged            |    82 |   171 |   157 |   170 ||   580
  Block: Buckler           |       |       |    19 |   103 ||   122

Table legend: (Time is in decaauts)
 A = Elapsed time spent in this place.
 B = Non-inter-level travel time spent in this place.
 C = Inter-level travel time spent in this place.
 D = Time resting spent in this place.
 E = Time spent auto-exploring this place.
 F = Levels seen in this place.
 G = Mean time per level.
                   A        B        C        D        E       F      G
               +--------+--------+--------+--------+--------+-----+--------+
         Total |  11443 |  10940 |    503 |    416 |   8244 |  14 |  817.4 |
       Dungeon |  11295 |  10831 |    464 |    416 |   8244 |  11 | 1026.8 |
        Temple |     42 |      3 |     39 |      0 |      0 |   1 |   42.0 |
          Lair |     95 |     95 |      0 |      0 |      0 |   1 |   95.0 |
      Ice Cave |      9 |      9 |      0 |      0 |      0 |   1 |    9.0 |
               +--------+--------+--------+--------+--------+-----+--------+

Top non-repeatable levels by time:
     D:9: 1439 daAuts
     D:3: 1423 daAuts
     D:4: 1370 daAuts
     D:5: 1227 daAuts
     D:7: 1062 daAuts
    D:10: 1047 daAuts
     D:6: 908 daAuts
     D:1: 885 daAuts
     D:2: 869 daAuts
     D:8: 773 daAuts
    D:11: 289 daAuts
  Lair:1: 95 daAuts
  Temple: 42 daAuts
   IceCv: 9 daAuts
